 Dungeon Crawl Stone Soup version 0.21.0-3-g78d12a8 (webtiles) character file.

135 Firecrotchwizard the Covered (level 5, -3/33 HPs)
             Began as a Gargoyle Fighter on Jan 14, 2018.
             Slain by a gnoll
             ... wielding a +0 flail
              (8 damage)
             ... on level 2 of the Dungeon.
             The game lasted 00:04:41 (3094 turns).

Firecrotchwizard the Covered (Gargoyle Fighter)     Turns: 3094, Time: 00:04:42

Health: -3/33      AC: 11    Str: 19    XL:     5   Next: 18%
Magic:  5/5        EV:  8    Int:  9    God:
Gold:   100        SH:  9    Dex: 10    Spells: 4/4 levels left

rFire    + . .     SeeInvis .   a - +0 flail
rCold    . . .     Gourm    .   c - +0 shield
rNeg     + . .     Faith    .   l - +2 ring mail {rF+}
rPois    ∞         Spirit   .   (no helmet)
rElec    +         Reflect  .   (no cloak)
rCorr    .         Harm     .   (no gloves)
MR       .....                  (no boots)
Stlth    ..........             (no amulet)
HPRegen  0.11/turn              (no ring)
MPRegen  0.09/turn              (no ring)

@: no status effects
A: negative energy resistance 1, electricity resistance, unbreathing,
petrification resistance, rot immunity, AC +4
a: no special abilities


You were on level 2 of the Dungeon.
You were not hungry.

You visited 1 branch of the dungeon, and saw 3 of its levels.

You collected 100 gold pieces.

Inventory:

Hand Weapons
 a - a +0 flail (weapon)
 n - a +1 dagger of venom
   (You took it off a kobold on level 1 of the Dungeon)
 t - a +4 hand axe of pain
   (You took it off Terence on level 2 of the Dungeon)
Missiles
 j - 68 stones (quivered)
 s - 2 throwing nets {=f, !d}
Armour
 b - a +0 scale mail
 c - a +0 shield (worn)
 l - a +2 ring mail of fire resistance (worn)
   (You found it on level 1 of the Dungeon)
 u - a +0 chain mail
   (You took it off Terence on level 2 of the Dungeon)
 x - a +2 helmet
   (You found it on level 2 of the Dungeon)
Scrolls
 e - a scroll of enchant weapon {unknown}
 g - a scroll of fear {unknown}
 h - a scroll of amnesia {unknown}
 i - 4 scrolls of identify {unknown}
 k - a scroll of magic mapping {unknown}
 m - a scroll of random uselessness {unknown}
 o - 3 scrolls of enchant armour {unknown}
 p - a scroll of blinking {unknown}
 q - a scroll of remove curse {unknown}
Potions
 d - a potion of might
 v - a potion of haste {unknown}
 w - a potion of curing {unknown}
 z - a potion of invisibility {unknown}
Comestibles
 f - 4 rations {@e1}
 r - 4 chunks of flesh {@w0}


   Skills:
 + Level 4.0 Fighting
 * Level 3.6 Maces & Flails
 + Level 4.1 Armour
 + Level 4.0 Shields


You had 4 spell levels left.
You didn't know any spells.

Dungeon Overview and Level Annotations

Branches:
Dungeon (3/15)

Altars:
Dithmenos
Xom

Annotations:
D:2 1 runed door


Innate Abilities, Weirdness & Mutations

You are resistant to torment.
Your stone body is resilient. (AC +4)
You are immune to poison.
You resist negative energy. (rN+)
You are resistant to electric shocks. (rElec)
You can survive without breathing.
You are immune to petrification.
You are immune to rotting.


Message History

You thump the jackal!
You kill the jackal!
You block the hobgoblin's attack.
You thump the hobgoblin!
You kill the hobgoblin!
You have reached level 5!
You regained 3 hp, and now have 29/33 hp.
MP restored: 5 You butcher the jackal corpse.
r - a chunk of flesh {@w0} You butcher the hobgoblin corpse.
r - 2 chunks of flesh {@w0} (gained 1)
There is a stone staircase leading down here.
You butcher the jackal corpse.
r - 4 chunks of flesh {@w0} (gained 2)
There is a stone staircase leading up here.
Health restored: 33
(D) Dungeon
Where to? (Enter - D:2 @ (x,y), ? - help)
You see here a club.
There is a stone staircase leading down, spattered with blood here.
You climb downwards.
A gnoll comes into view.
The gnoll shouts! x2
The bat hits you but does no damage.
There is a stone staircase leading up here.
You hit the bat but do no damage. The bat barely misses you. x2
An adder and a rat come into view.
You sock the gnoll! You block the bat's attack.
The bat hits you but does no damage. The gnoll hits you.
The gnoll hits you but does no damage.
You take 1 damage, and have 32/33 hp.
You hit the gnoll.
You kill the gnoll!
Your Fighting skill increases to level 4!
The bat closely misses you. The gnoll hits you but does no damage.
Health restored: 33 You barely miss the gnoll.
You block the bat's attack. You block the gnoll's attack.
You hit the gnoll. The bat barely misses you.
The gnoll hits you but does no damage. You block the gnoll's attack.
You hit the gnoll. You block the bat's attack.
The bat hits you but does no damage. The gnoll closely misses you. x2
The adder bites you but does no damage. The gnoll hits you with a whip.
You block the rat's attack.
You take 2 damage, and have 31/33 hp.
You hit the gnoll. The bat hits you but does no damage. x2
The adder barely misses you. The gnoll hits you with a flail.
The adder bites you. The gnoll hits you with a whip. The rat bites you.
You take 9 damage, and have 22/33 hp.
MASSIVE DAMAGE!!
You block the bat's attack. You block the gnoll's attack.
The adder bites you but does no damage. The gnoll hits you but does no damage.
The rat bites you but does no damage.
You climb upwards.
Level annotation: 1 runed door
There is a stone staircase leading down, spattered with blood here.
You hit the rat. You block the adder's attack. The rat bites you.
You block the adder's attack.
You barely miss the rat. The adder barely misses you.
The rat bites you but does no damage. The gnoll hits you but does no damage.
The adder barely misses you.
You hit the rat. The rat bites you but does no damage.
The adder bites you but does no damage. The gnoll hits you but does no damage.
You block the rat's attack.
You hit the rat.
You kill the rat!
The adder bites you but does no damage. You block the adder's attack.
The gnoll hits you but does no damage. You block the adder's attack.
The adder bites you but does no damage.
You miss the adder. The adder bites you but does no damage.
The adder bites you.
You take 1 damage, and have 21/33 hp.
You sock the adder! You block the adder's attack.
You completely miss the adder. The adder barely misses you.
You block the adder's attack.
You closely miss the adder. You block the adder's attack.
The adder bites you but does no damage.
You sock the adder!
You kill the adder!
You block the gnoll's attack.
You barely miss the gnoll. The gnoll hits you but does no damage.
Your shield prevents you from hitting the gnoll.
The gnoll barely misses you.
You hit the gnoll. The gnoll hits you with a flail!
You take 10 damage, and have 12/33 hp.
MASSIVE DAMAGE!!
Your shield prevents you from hitting the gnoll.
The gnoll misses you.
You closely miss the gnoll. The gnoll closely misses you.
You barely miss the gnoll. The gnoll barely misses you.
You hit the gnoll. The gnoll hits you with a flail!
* * * LOW HITPOINT WARNING * * *
You take 8 damage, and have 5/33 hp.
MASSIVE DAMAGE!!
You closely miss the gnoll. You block the gnoll's attack.
You barely miss the gnoll. The gnoll barely misses you.
You hit the gnoll. The gnoll hits you with a flail!
You die...

#.#.#.#.#<#.# #.)...#........#
#.#.....#.#.# #.###.#.########
#.###.###.#.####.# #.#.#
#...#...#.#......# #.#.#########
....#...#.##########.#.........#
.#..#...#............########.##
##..#...####.........# #.#
###.#...#..#.#######.# #.#
#.#...#..#.#..@gg#.# #.#
#.....#..#.#.###>#.# ####.##
#.....#..#.#.# #.#.# #.....#
###........#.#.# #g#.# #.#####
...........#.#.# #.#.# #.#
###.#..#...#.#.###.#.# #.#
#.#........#...#.#.# #.#
#.##...........#.#.# #.#
#.###........###.#.# #.#


You could see 2 gnolls.

Vanquished Creatures
  Terence (D:2)
  A gnoll (D:3)
  An adder (D:2)
  2 oozes
  5 worms (D:2)
  A dart slug (D:2)
  A leopard gecko (D:2)
  A ball python (D:1)
  6 bats
  3 giant cockroaches
  6 goblins
  7 hobgoblins
  12 jackals
  5 kobolds
  3 frilled lizards
  7 rats
62 creatures vanquished.

Notes
Turn   | Place    | Note
-------+----------+-------------------------------------------
     0 | D:1      | Firecrotchwizard the Gargoyle Fighter began the quest for the Orb.
     0 | D:1      | Reached XP level 1. HP: 14/14 MP: 1/1
    97 | D:1      | Reached XP level 2. HP: 19/19 MP: 2/2
   744 | D:1      | Reached XP level 3. HP: 23/23 MP: 3/3
  1294 | D:2      | Found a shadowy altar of Dithmenos.
  1502 | D:2      | Found a shimmering altar of Xom.
  1507 | D:2      | Reached skill level 3 in Maces & Flails
  1596 | D:2      | Noticed Terence
  1606 | D:2      | Killed Terence
  1606 | D:2      | Reached XP level 4. HP: 29/29 MP: 4/4
  2511 | D:2      | Found a runed door.
  2583 | D:3      | Reached skill level 4 in Armour
  2932 | D:2      | Reached skill level 4 in Shields
  2938 | D:2      | Reached XP level 5. HP: 29/33 MP: 5/5
  3067 | D:3      | Reached skill level 4 in Fighting
  3091 | D:2      | HP: 5/33 [gnoll/flail (8)]
  3094 | D:2      | Slain by a gnoll

Skill      XL: |  1  2  3  4  5 |
---------------+----------------+-----
Maces & Flails | 3 |  3.6
Armour         | 4 |  4.1
Shields        | 4 |  4.0
Fighting       | 4 |  4.0

Action                   |  1- 3 |  4- 6 || total
-------------------------+-------+-------++-------
Melee: Flail             |   119 |   110 ||   229
Throw: Stone             |    75 |    23 ||    98
  Eat: Chunk             |     2 |     4 ||     6
       Ration            |       |     1 ||     1
Armor: Scale mail        |    52 |       ||    52
       Ring mail         |    13 |    88 ||   101
Dodge: Dodged            |    37 |    61 ||    98
Block: Shield            |    66 |    66 ||   132

Vault maps used:
D:1:      dpeg_arrival_water_temple_mockup
D:2:      brannock_xom_greatest_gift, lemuel_round_altar, grunt_ministairs_9,
          supply_closet_lemuel, uniq_crazy_yiuf_cottage, uniq_terence
D:3:      gammafunk_temple_overflow_wave, chequers_ecumenical_altar_island,
          kennysheep_small_spiral

Table legend:
 A = Turns spent in this place as a percentage of turns spent in the entire game.
 B = Non-inter-level travel turns spent in this place as a percentage of non-inter-level travel turns spent in the entire game.
 C = Inter-level travel turns spent in this place as a percentage of turns spent in this place.
 D = Turns resting spent in this place as a percentage of non-inter-level travel turns spent in this place.
 E = Turns spent auto-exploring this place as a percentage of non-inter-level travel turns spent in this place.
 F = Non-inter-level travel turns spent in this place divided by the number of levels of this place that you've seen.
                   A       B       C       D       E      F
               +-------+-------+-------+-------+-------+----------------------
         Total | 100.0 | 100.0 |   9.2 |  16.6 |  65.8 | 936.7
       Dungeon | 100.0 | 100.0 |   9.2 |  16.6 |  65.8 | 936.7
               +-------+-------+-------+-------+-------+----------------------

Table legend:
 A = Kills in this place as a percentage of kills in entire the game.
 B = Kills by you in this place as a percentage of kills by you in the entire game.
 C = Kills by friends in this place as a percentage of kills by friends in the entire game.
 D = Other kills in this place as a percentage of other kills in the entire game.
 E = Experience gained in this place as a percentage of experience gained in the entire game.
 F = Experience gained in this place divided by the number of levels of this place that you have seen.
                   A       B       C       D       E      F
               +-------+-------+-------+-------+-------+----------------------
         Total | 100.0 | 100.0 |   N/A |   N/A | 100.0 |  64.7
       Dungeon | 100.0 | 100.0 |   N/A |   N/A | 100.0 |  64.7
               +-------+-------+-------+-------+-------+----------------------
